 Dungeon Crawl Stone Soup version 0.23.2-33-g5129a83184 (webtiles) character file.

Game seed: 13247657218933856149

30 Atelerd the Magician (level 3, -6/21 HPs)
             Began as an Octopode Wizard on July 16, 2019.
             Mangled by Natasha (8 damage)
             ... on level 2 of the Dungeon.
             The game lasted 00:01:28 (1358 turns).

Atelerd the Magician (Octopode Wizard)              Turns: 1358, Time: 00:01:29

Health: -6/21      AC:  1    Str:  6    XL:     3   Next: 18%
Magic:  1/7        EV: 13    Int: 21    God:
Gold:   40         SH:  0    Dex: 10    Spells: 2/8 levels left

rFire    . . .     SeeInvis .   d - +0 short sword
rCold    . . .     Gourm    .   (no shield)
rNeg     . . .     Faith    .   a - +0 hat
rPois    .         Spirit   .   (no amulet)
rElec    .         Reflect  .   h - ring of resist corrosion
rCorr    +         Harm     .   (no ring)
MR       .....                  (no ring)
Stlth    +++.......             (no ring)
HPRegen  0.07/turn              (no ring)
MPRegen  0.10/turn              (no ring)
                                (no ring)
                                (no ring)

@: no status effects
A: almost no armour, stealthy swim, amphibious, 8 rings, constrict 8, camouflage
1, gelatinous body 1
a: no special abilities


You were on level 2 of the Dungeon.
You were not hungry.

You visited 1 branch of the dungeon, and saw 2 of its levels.

You collected 40 gold pieces.

Inventory:

Hand Weapons
 b - a +0 dagger
 d - a +0 short sword (weapon)
Armour
 a - a +0 hat (worn)
Jewellery
 h - a ring of resist corrosion (left tentacle)
Scrolls
 e - 2 scrolls of teleportation {unknown}
 g - a scroll of fear {unknown}
 l - a scroll of remove curse {unknown}
 m - a scroll of identify {unknown}
Potions
 f - a potion of curing {unknown}
 i - a potion of mutation {unknown}
 j - a potion of agility {unknown}
 k - a potion of degeneration {unknown}
Comestibles
 c - 3 rations


   Skills:
 - Level 2.0 Dodging
 - Level 2.6 Stealth
 + Level 3.3 Spellcasting
 * Level 2.5 Conjurations
   Level 1.0 Summonings
 - Level 1.0 Translocations


You had 2 spell levels left.
You knew the following spells:

 Your Spells              Type           Power        Failure   Level  Hunger
a - Magic Dart            Conj           ##..         4%          1    None
b - Mephitic Cloud        Conj/Pois/Air  #.......     26%         3    ###....
c - Blink                 Tloc           N/A          13%         2    ##.....

Your spell library contained the following spells:

 Spells                   Type           Power        Failure   Level  Hunger
 Call Imp                 Summ           #.......     13%         2    ##.....
 Slow                     Hex            #.......     19%         2    ##.....
 Conjure Flame            Conj/Fire      #.......     22%         3    ###....


Dungeon Overview and Level Annotations

Branches:
Dungeon (2/15)

Altars:

Annotations:
D:2 Natasha


Innate Abilities, Weirdness & Mutations

You cannot wear most types of armour.
You are very stealthy in the water. (Stealth+)
You are amphibious.
You can wear up to eight rings at the same time.
You can use your tentacles to constrict eight enemies at once.
Your skin changes colour to match your surroundings (Stealth+).
Your rubbery body absorbs attacks. (AC +1, EV +1)


Message History

The ball explodes into a vile cloud!
The stinking cloud engulfs Natasha but does no damage.
Natasha is moderately wounded.
You constrict Natasha.
You hear a shout!
The bat hits you but does no damage. Natasha completely misses you.
Unknown command.
Casting: Mephitic Cloud (safe; 26% risk of failure)
Confirm with . or Enter, or press ? or * to list all spells.
Aiming: Mephitic Cloud (safe; 26% risk of failure)
Press: ? - help, Shift-Dir - straight line The ball explodes into a vile cloud!
The stinking cloud engulfs Natasha but does no damage.
Natasha is moderately wounded.
You constrict Natasha.
You hear an angry hiss.
The bat hits you.
* * * LOW HITPOINT WARNING * * *
Natasha claws you!
You die...

..#. .....# .(.
.....#
####..##.....#
#......#.....#
#......#.....#
(#......#○☼§..#
.......b..☼...#
........@h.#
.....#..○○# ##.
#.####
+....######
#....÷..†<#
#..†#######
##.........
##########


You could see Natasha and a bat.

Vanquished Creatures
  An ooze (D:1)
  A leopard gecko (D:1)
  3 giant cockroaches (D:1)
  3 hobgoblins (D:1)
  2 jackals (D:1)
  4 kobolds (D:1)
  A bat (D:1)
  A frilled lizard (D:2)
  4 goblins
  3 rats
23 creatures vanquished.

Vanquished Creatures (others)
  A jackal (D:1)
1 creature vanquished.

Grand Total: 24 creatures vanquished

Notes
Turn   | Place    | Note
-------+----------+-------------------------------------------
     0 | D:1      | Atelerd the Octopode Wizard began the quest for the Orb.
     0 | D:1      | Reached XP level 1. HP: 11/11 MP: 4/4
   109 | D:1      | Reached XP level 2. HP: 8/17 MP: 1/6
   805 | D:1      | Reached XP level 3. HP: 8/21 MP: 1/7
   810 | D:1      | Learned a level 3 spell: Mephitic Cloud
   813 | D:1      | Learned a level 2 spell: Blink
  1352 | D:2      | Noticed Natasha
  1358 | D:2      | Mangled by Natasha

Skill      XL: |  1  2 |
---------------+-------+-----
Conjurations   | 2 |  2.5
Dodging        | |  2.0
Stealth        | |  2.6
Spellcasting   | |  3.3
Summonings     | |  1.0
Translocations | |  1.0

Action                   || total
-------------------------++-------
Melee: Dagger            ||     8
       Constrict         ||    10
       Short sword       ||    21
       Tentacles         ||     3
 Cast: Magic Dart        ||    31
       Mephitic Cloud    ||     2
 Stab: Sleeping          ||     3
  Eat: Chunk             ||     1
Armor: Skin              ||     6
Dodge: Dodged            ||    21
